 Dungeon Crawl Stone Soup version 0.30-a0-364-gf6b3ef1049 (webtiles) character file.

Game seed: 4876143866489843880

1806751 greasedhog the Hoplite (level 27, 238/238 HPs)
             Began as a Formicid Fighter on Nov 14, 2022.
             Was the Champion of Okawaru.
             Escaped with the Orb
             ... and 3 runes!
             The game lasted 01:42:23 (57482 turns).

greasedhog the Hoplite (Formicid Fighter)          Turns: 57482, Time: 01:42:23

Health: 238/238    AC: 42    Str: 41    XL:     27
Magic:  41/41      EV: 19    Int: 10    God:    Okawaru [******]
Gold:   3363       SH: 42    Dex: 16    Spells: 26/26 levels left

rFire   + . .      SeeInvis +    y - +9 bardiche (distort)
rCold   + + .      Faith    .    Q - +8 tower shield of Existentialism {Harm SInv}
rNeg    . . .      Spirit   .    z - +10 storm dragon scales
rPois   +          Reflect  +    (helmet unavailable)
rElec   +          Harm     +    x - +1 cloak of Compassion {Rampage rC+ Str+3}
rCorr   .          Rampage  +    r - +2 pair of gloves of Senudgh {*Corrode Regen+ Dex+3}
Will    ++...                    a - +3 pair of mountain boots {steadfast, rC+}
Stlth   ..........               C - amulet of reflection
HPRegen 1.39/turn                c - ring of the Princess {rPois rF+ MP+9 Str+3}
MPRegen 0.27/turn                I - ring "Meodde" {EV+4 Str+2 Slay+2}

@: studying Evocations
A: permanent stasis, dig shafts and tunnels, antennae 3, four strong arms,
hooves 1, large bone plates 1, mutation resistance 1
0: Orb of Zot
}: 3/15 runes: serpentine, barnacled, silver
a: Dig, Shaft Self, Renounce Religion, Heroism, Finesse, Duel


You escaped.
You worshipped Okawaru.
Okawaru was exalted by your worship.
You visited 8 branches of the dungeon, and saw 44 of its levels.
You also visited: Trove and Volcano.

You collected 6075 gold pieces.
You spent 2712 gold pieces at shops.

Inventory:

Hand Weapons
 y - a +9 bardiche of distortion (weapon)
Armour
 a - the +3 pair of mountain boots (worn) {steadfast, rC+}
   (You bought it in a shop on level 2 of the Orcish Mines)

   It prevents involuntary movement, except for blinking, teleportation, or
   banishment.
   rC:        It protects you from cold.
 r - the +2 pair of gloves of Senudgh (worn) {*Corrode Regen+ Dex+3}
   (Okawaru gifted it to you on level 1 of the Snake Pit)

   Dex:       It affects your dexterity (+3).
   Regen:     It increases your rate of health regeneration.
   *Corrode:  It may corrode you when you take damage.
 x - the +1 cloak of Compassion (worn) {Rampage rC+ Str+3}
   (Okawaru gifted it to you on level 3 of the Shoals)

   Str:       It affects your strength (+3).
   rC:        It protects you from cold.
   Rampage:   It bestows one free step when moving towards enemies.
 z - +10 storm dragon scales (worn)
 F - the +1 pair of gloves of Skepticism {rC++ Dex+6}
   (You found it on level 15 of the Dungeon)

   Dex:       It affects your dexterity (+6).
   rC:        It greatly protects you from cold.
 Q - the +8 tower shield of Existentialism (worn) {Harm SInv}
   (Okawaru gifted it to you on level 4 of the Snake Pit)

   SInv:      It lets you see invisible.
   Harm:      It increases damage dealt and taken.
Jewellery
 c - the ring of the Princess (left hand) {rPois rF+ MP+9 Str+3}
   (You found it on level 13 of the Dungeon)

   [ring of magical power]

   Str:       It affects your strength (+3).
   rF:        It protects you from fire.
   rPois:     It protects you from poison.
   MP:        It affects your magic capacity (+9).
 g - a ring of willpower
 o - a +4 ring of protection
 p - a ring of resist corrosion
 A - a ring of protection from fire
 C - an amulet of reflection (around neck)
 I - the ring "Meodde" (right hand) {EV+4 Str+2 Slay+2}
   (You found it on level 3 of the Lair of Beasts)

   [ring of evasion]

   EV:        It affects your evasion (+4).
   Str:       It affects your strength (+2).
   Slay:      It affects your accuracy & damage with ranged weapons and melee
   (+2).
 M - a ring of poison resistance
 R - the amulet "Vytint" {Acrobat rF- rC+ rN+ SInv}
   (You found it on level 5 of the Vaults)

   [amulet of the acrobat]

   It increases your evasion while moving and waiting.
   rF:        It makes you vulnerable to fire.
   rC:        It protects you from cold.
   rN:        It protects you from negative energy.
   SInv:      It lets you see invisible.
 S - a +4 ring of slaying
Wands
 m - a wand of flame (81)
 v - a wand of digging (18)
 D - a wand of roots (32)
 K - a wand of mindburst (15)
 P - a wand of polymorph (27)
 U - a wand of acid (20)
Scrolls
 b - a scroll of fog
 k - 3 scrolls of magic mapping
 q - 8 scrolls of amnesia
 s - 2 scrolls of enchant armour
 w - 12 scrolls of fear
 B - 2 scrolls of silence
 E - 6 scrolls of enchant weapon
 G - 2 scrolls of poison
 O - a scroll of torment
 T - 5 scrolls of immolation
Potions
 d - 10 potions of might
 e - 13 potions of curing
 f - 3 potions of resistance
 h - 8 potions of heal wounds
 i - 6 potions of lignification
 j - 12 potions of brilliance
 l - 4 potions of attraction
 n - 7 potions of flight
 t - 8 potions of magic
 J - 10 potions of mutation
 L - a potion of ambrosia
 N - 2 potions of cancellation
 V - 2 potions of invisibility
Miscellaneous
 u - a condenser vane
 H - a lightning rod (4/4)


   Skills:
 * Level 24.2 Fighting
 - Level 24.0 Polearms
 * Level 22.7 Armour
 - Level 10.1 Dodging
 * Level 25.9 Shields
 - Level 13.0 Invocations
 - Level 11.8 Evocations


You had 26 spell levels left.
You didn't know any spells.
Your spell library contained the following spells:

 Spells                   Type           Power      Damage    Failure   Level
 Beastly Appendage        Tmut           0%         N/A       61%         1
 Foxfire                  Conj/Fire      0%         2x1d4     61%         1
 Sting                    Tmut/Pois      0%         1d3       61%         1
 Ensorcelled Hibernation  Hex/Ice        0%         N/A       75%         2
 Poisonous Vapours        Pois/Air       0%         N/A       75%         2
 Sublimation of Blood     Necr           0%         N/A       75%         2
 Wereblood                Tmut           0%         N/A       75%         2
 Dazzling Flash           Conj/Hex       0%         N/A       93%         3
 Gell's Gravitas          Tloc           0%         N/A       93%         3
 Ignite Poison            Fire/Tmut/Pois 0%         N/A       93%         3
 Inner Flame              Hex/Fire       0%         N/A       93%         3
 Kindle Blastsparks       Fire/Tloc/Air  0%         2d10      93%         3
 Lesser Beckoning         Tloc           0%         N/A       93%         3
 Portal Projectile        Hex/Tloc       0%         N/A       93%         3
 Spider Form              Tmut/Pois      0%         N/A       93%         3
 Teleport Other           Tloc           0%         N/A       93%         3
 Vhi's Electric Charge    Tloc/Air       0%         N/A       93%         3
 Anguish                  Hex/Necr       0%         N/A       100%        4
 Fulminant Prism          Conj/Hex       0%         3d5       100%        4
 Ice Form                 Ice/Tmut       0%         N/A       100%        4
 Iskenderun's Mystic Bla  Conj/Tloc      0%         2d3       100%        4
 Olgreb's Toxic Radiance  Pois           0%         N/A       100%        4
 Alistair's Intoxication  Tmut/Pois      0%         N/A       100%        5
 Arcjolt                  Conj/Air       0%         1d10      100%        5
 Blade Hands              Tmut           0%         N/A       100%        5
 Borgnjor's Vile Clutch   Necr/Erth      0%         N/A       100%        5
 Fireball                 Conj/Fire      0%         3d3       100%        5
 Freezing Cloud           Conj/Ice/Air   0%         6-21      100%        5
 Irradiate                Conj/Tmut      0%         3d11      100%        5
 Iskenderun's Battlesphe  Conj           0%         2d6       100%        5
 Lee's Rapid Deconstruct  Erth           0%         3d4*      100%        5
 Eringya's Noxious Bog    Tmut/Pois      0%         N/A       100%        6
 Iron Shot                Conj/Erth      0%         9d1       100%        6
 Starburst                Conj/Fire      0%         6d3       100%        6
 Statue Form              Tmut/Erth      0%         N/A       100%        6
 Dragon Form              Tmut           0%         N/A       100%        7
 Storm Form               Tmut/Air       0%         N/A       100%        7
 Maxwell's Capacitive Co  Air            0%         ∞         100%        8
 Necromutation            Tmut/Necr      0%         N/A       100%        8
 Polar Vortex             Ice            0%         N/A       100%        9
 Tukima's Dance           Hex            Unusable   N/A       N/A         3
 Summon Lightning Spire   Summ/Air       Unusable   N/A       N/A         4
 Simulacrum               Ice/Necr       Unusable   N/A       N/A         6
 Spellforged Servitor     Conj/Summ      Unusable   N/A       N/A         7
 Summon Hydra             Summ           Unusable   N/A       N/A         7

Dungeon Overview and Level Annotations

Branches:
Dungeon (15/15)            Temple (0/1) D:6            Lair (5/5) D:11
 Shoals (4/4) Lair:2        Snake (4/4) Lair:3        Slime (0/5) Lair:5
    Orc (2/2) D:10            Elf (0/3) Orc:2        Vaults (5/5) D:13
  Crypt (0/3) Vaults:2     Depths (4/4) D:15            Zot (5/5) Depths:4
Volcano (visited)

Altars:
Ashenzari
Dithmenos
Elyvilon
Gozag
Makhleb
Nemelex Xobeh
Okawaru
Ru
Sif Muna
Trog
Uskayaw
Wu Jian
Xom
Zin

Shops:
D:10 :   Orc:2 [([[((   Shoals:3 *[*   Snake:1 *:((   Snake:4 (   Vaults:1 [
Vaults:2 =   Vaults:4 (   Depths:2 (

Portals:
Hell: Depths:1 Depths:2 Depths:3 Depths:4
Abyss: Depths:3
Pandemonium: Depths:2 Depths:4
Ziggurat: Depths:3

Annotations:
Abyss:1 Jorgrun


Innate Abilities, Weirdness & Mutations

You cannot be hasted, slowed, berserked, paralysed or teleported.
You can dig through walls and to a lower floor.
You have a pair of large antennae on your head. (SInv)
Your four strong arms can wield two-handed weapons with a shield.
You have large cloven feet.
You are partially covered in large bone plates. (SH +4)
You are somewhat resistant to further mutation.


Message History

Items here: ))) [ ÷.
You sense a monster nearby.
No target in view!
A tormentor comes into view.
Items here: ))) [ ÷.
You reach to attack!
You slice the tormentor!!
You kill the tormentor!
Okawaru accepts your kill.
No target in view!
No target in view!
(D) Dungeon (T) Temple (L) Lair (A) Shoals (P) Snake Pit (M) Slime Pits (O) Orcish Mines (E) Elven Halls (V) Vaults (C) Crypt (U) Depths (H) Hell (Z) Zot
Where to? (Enter - D:1, ? - help)
What level of the Dungeon? (default 1, ? - help)
Items here: ))) [ ÷.
You hear a grinding noise.
You hear a grinding noise.
There is a stone staircase leading up here.
You climb upwards.
There is a stone staircase leading down here.
A sixfirhy comes into view.
There is an open door here.
The sixfirhy moves out of view.
You rampage towards the sixfirhy!
You slash the sixfirhy!
Space warps horribly around the sixfirhy!
The sixfirhy is almost dead.
You closely miss the sixfirhy.
The sixfirhy is almost dead.
You miss the sixfirhy.
The sixfirhy is severely wounded.
You slice the sixfirhy!!
You kill the sixfirhy!
Okawaru accepts your kill.
There is an open door here.
You enter the shallow water.
Moving in this stuff is going to be slow.
There is a staircase leading out of the dungeon here.
You have escaped!

.# #### #.....# #### ### .#
#..### ###.### ###..# .#
#....####...####....# .#
##.....#..~..#.....## .#
#8..~....~....~..8# .#
##...~..~~~..~...## ##
##.....~~~~~~~.....##
####....~~~~...~~~~....#
#.....~~~~~..@..~~~~~..#
#.......~~~~...~~~~....#
#...#.....~~~~~~~.....##
#...##...~..~~~..~...##
####...#8..~....~....~..8#
.......#.....#..~..#.....##
####.......####...####....#
# ##.#..### ##.### ###..# #
#.#### #...# ####


There were no monsters in sight!

Vanquished Creatures
  3 dread liches
  3 orbs of fire
  Boris (Vaults:5)
  Margery (Vaults:3)
  3 Killer Klowns
  Xtahua (Vaults:5)
  Bai Suzhen (Snake:3)
  5 caustic shrikes
  Nikola (Arena)
  7 golden dragons
  2 pandemonium lords
  3 electric golems
  20 tentacled monstrosities
  A Tzitzimitl (Zot:5)
  A walking crystal tome (Depths:4)
  An Ice Fiend (Depths:4)
  Mlioglotl (Snake:2)
  3 Hell Sentinels
  Asterion (Vaults:2)
  21 Orb Guardians (Zot:5)
  4 liches
  2 titans (Vaults:5)
  7 quicksilver dragons
  An Executioner (D:15)
  Polyphemus (Shoals:3)
  4 sphinxes (Vaults:5)
  The ghost of Chaicat the Grappler, an adept TrFi of the Shining One (Shoals:2)
  10 death cobs
  8 shadow dragons
  A shadow dragon (shapeshifter) (Vaults:5)
  9 draconian monks
  2 tengu reavers (Depths:4)
  4 nagarajas (Snake:4)
  An azure jelly (Lair:5)
  10 storm dragons
  A revenant (Vaults:2)
  Donald (Snake:2)
  5 draconian knights
  The ghost of Tunif the Eclecticist, an adept DEFE of Vehumet (D:15)
  13 fire giants
  3 iron dragons
  7 draconian scorchers
  7 frost giants
  13 vault wardens
  Aizul (Snake:2)
  Louise (Depths:3)
  An orc warlord (Orc:2)
  3 ghost moths
  5 draconian shifters
  5 draconian annihilators
  14 ironbound preservers
  3 draconian stormcallers
  17 very ugly things
  6 war gargoyles
  A demonspawn black sun (Zot:5)
  13 stone giants
  4 vampire knights
  7 green draconians
  5 ironbound thunderhulks
  14 purple draconians
  9 white draconians
  9 dire elephants
  A bunyip (shapeshifter) (Depths:3)
  A lorocyproca (Zot:5)
  14 black draconians
  8 yellow draconians
  An eidolon (Vaults:2)
  16 red draconians
  8 ettins
  A spark wasp (Depths:2)
  A crystal guardian (Vaults:3)
  A deep elf death mage (Vaults:5)
  2 blizzard demons
  9 fire dragons
  5 merfolk impalers
  9 yaktaur captains
  A spriggan zombie (Depths:1)
  5 merfolk javelineers
  2 entropy weavers
  3 jiangshi (Depths:1)
  A deep elf high priest (Arena)
  11 great orbs of eyes
  An entropy weaver (shapeshifter) (Vaults:5)
  30 vault guards
  3 rakshasas
  2 peacekeepers
  The ghost of Qyacsuop the Corrupter of Planes, a journeyman DsAK of Lugonu (Lair:2)
  4 hydras
  6 catoblepae
  A salamander tyrant (Snake:4)
  3 spriggan air magi
  7 ice dragons
  2 boulder beetles
  7 ironbound frosthearts
  11 anacondas
  5 alligator snapping turtles
  A boulder beetle (shapeshifter) (Depths:3)
  4 two-headed ogres
  7 merfolk avatars
  19 centaur warriors
  2 tengu warriors
  5 merfolk aquamancers (Shoals:4)
  9 death yaks
  4 deep troll shamans
  16 naga warriors
  3 vampire magi
  7 deep troll earth magi
  2 satyrs (Shoals:3)
  4 spriggan berserkers
  13 shock serpents
  3 hell hogs (D:11)
  3 naga sharpshooters (Snake:4)
  3 sun demons
  A titan skeleton (Depths:1)
  2 orc high priests
  14 hell knights
  Amaemon (Lair:1)
  3 deep elf knights
  4 salamander mystics
  3 flayed ghosts
  A sixfirhy (D:1)
  2 death drakes (Depths:4)
  20 sea snakes
  A steelbarb worm (shapeshifter) (Vaults:5)
  8 iron trolls
  A deep elf archer (Snake:1)
  21 harpies
  45 deep trolls
  2 shadow demons
  5 naga ritualists
  A lindwurm (shapeshifter) (Depths:2)
  18 ironbound convokers
  A lindwurm (Vaults:1)
  3 phantasmal warriors (Vaults:5)
  7 wizards
  7 necromancers
  4 orc knights
  A stone giant zombie (Depths:1)
  7 mana vipers
  2 deep elf pyromancers (D:12)
  A wolf spider (D:15)
  11 manticores
  2 orc sorcerers (Orc:2)
  An oklob plant (Lair:4)
  8 fauns
  26 ugly things
  2 cyclopes
  20 salamanders
  20 slime creatures
  7 merfolk sirens
  10 elephants
  31 moths of wrath
  11 guardian serpents
  2 smoke demons (Depths:4)
  4 water nymphs
  39 black mambas
  11 vault sentinels
  A torpor snail (Lair:5)
  5 orange demons
  14 cane toads
  2 gargoyles
  15 naga magi
  6 rime drakes
  2 kobold demonologists (D:9)
  2 tormentors
  2 unseen horrors
  2 efreet (D:13)
  2 freezing wraiths (Vaults:5)
  7 komodo dragons
  29 yaktaurs
  2 tengu conjurers
  A red devil (D:10)
  A hellwing (D:10)
  A polar bear (Lair:2)
  18 merfolk
  8 trolls
  2 hornets (Depths:1)
  A troll (shapeshifter) (D:14)
  5 harpy zombies (Shoals:1)
  A polar bear (shapeshifter) (D:14)
  A tengu simulacrum (Vaults:4)
  A tarantella (shapeshifter) (D:15)
  5 wind drakes
  8 dream sheep
  23 blink frogs
  8 snapping turtles
  A jumping spider (shapeshifter) (Vaults:5)
  A centaur simulacrum (D:15)
  Sigmund (D:6)
  3 spriggans
  15 water elementals
  A large abomination (D:6)
  3 wraiths
  5 wyverns
  3 shadows (D:10)
  61 yaks
  20 humans (D:13)
  A hog (shapeshifter) (D:13)
  A redback (Vaults:4)
  A neqoxec (Zot:5)
  2 basilisks
  7 vampire mosquitoes
  2 steam dragons
  4 wargs
  A harpy simulacrum (D:15)
  36 nagas
  25 water moccasins
  Duvessa (D:6)
  Edmund (D:6)
  2 acid dragons
  36 orc warriors
  2 swamp drakes (Lair:5)
  4 ice beasts
  2 black bears
  2 manticore zombies (Shoals:1)
  An ice beast (shapeshifter) (D:15)
  3 ogres
  34 wolves
  10 centaurs
  2 phantoms
  Blork the orc (D:6)
  2 kobold brigands (D:10)
  12 bullfrogs
  3 scorpions
  A glowing shapeshifter simulacrum (Vaults:4)
  9 wights
  Dowan (D:6)
  A small abomination (Zot:5)
  A jelly (D:7)
  15 killer bees
  7 howler monkeys
  3 electric eels
  2 hounds
  23 orc priests
  Crazy Yiuf (D:3)
  Jessica (D:2)
  29 orc wizards
  14 iguanas
  4 hell rats (Lair:5)
  5 adders
  6 river rats (Lair:5)
  2 white imps
  2 ufetubi
  A dart slug (D:1)
  90 orcs
  9 endoplasms
  3 giant cockroaches
  8 goblins
  14 hobgoblins
  2 jackals (D:4)
  13 kobolds
  A quokka (D:2)
  7 ball pythons
  6 bats
  4 frilled lizards
  9 rats
1774 creatures vanquished.

Vanquished Creatures (others)
  2 ironbound preservers (Vaults:2)
  A guardian serpent (Snake:4)
  A shadow (D:10)
  An orc warrior (D:15)
  An orc wizard (D:9)
  An orc (Orc:1)
  32 fungi
  98 plants
137 creatures vanquished.

Grand Total: 1911 creatures vanquished

Notes
Turn   | Place    | Note
-------+----------+-------------------------------------------
     0 | D:1      | greasedhog the Formicid Fighter began the quest for the
                  | Orb.
     0 | D:1      | Reached XP level 1. HP: 18/18 MP: 1/1
   100 | D:1      | Reached XP level 2. HP: 22/24 MP: 2/2
   416 | D:1      | Reached XP level 3. HP: 30/30 MP: 3/3
   828 | D:2      | Noticed a phantom
   837 | D:2      | Killed a phantom
   838 | D:2      | Reached XP level 4. HP: 26/37 MP: 4/4
   838 | D:2      | Reached XP level 5. HP: 29/42 MP: 5/5
  1129 | D:2      | Noticed Jessica
  1136 | D:2      | Killed Jessica
  1601 | D:2      | Reached XP level 6. HP: 29/49 MP: 6/6
  1949 | D:3      | Reached skill level 5 in Shields
  2093 | D:3      | Found a runed translucent door.
  2094 | D:3      | Noticed Crazy Yiuf
  2391 | D:3      | Found a faded altar of an unknown god.
  2466 | D:3      | Killed Crazy Yiuf
  2467 | D:3      | Reached skill level 5 in Fighting
  2553 | D:4      | Found a bloodstained altar of Trog.
  2691 | D:4      | Reached skill level 1 in Dodging
  2698 | D:4      | Reached XP level 7. HP: 20/56 MP: 7/7
  2832 | D:4      | Identified the +6 sling of Kixkifru {drain, rElec rC+++
                  | Str+5 Dex-2}
  3022 | D:4      | Identified the +2 dagger of Mosyrgh {holy, rC+ Will+ Str+4
                  | Int-2}
  3467 | D:4      | Found a burning altar of Makhleb.
  3792 | D:5      | Entered Level 5 of the Dungeon
  3811 | D:5      | Reached skill level 5 in Polearms
  3988 | D:5      | Reached skill level 5 in Armour
  3988 | D:5      | Reached XP level 8. HP: 50/62 MP: 8/8
  4051 | D:5      | Found a shimmering blue altar of Sif Muna.
  4052 | D:5      | Found a sparkling altar of Nemelex Xobeh.
  4055 | D:5      | Found an iron altar of Okawaru.
  4056 | D:5      | Found a broken altar of Ashenzari.
  4068 | D:5      | Became a worshipper of Warmaster Okawaru
  4656 | D:6      | Noticed Blork the orc
  4663 | D:6      | Killed Blork the orc
  4719 | D:6      | Noticed a troll
  4721 | D:6      | Noticed Dowan
  4723 | D:6      | Noticed Duvessa
  4735 | D:6      | Killed a troll
  4735 | D:6      | Reached * piety under Okawaru
  4736 | D:6      | Reached skill level 1 in Evocations
  4746 | D:6      | Killed Duvessa
  4755 | D:6      | Killed Dowan
  4974 | D:6      | Noticed Sigmund
  4996 | D:6      | Killed Sigmund
  5030 | D:6      | Reached XP level 9. HP: 68/68 MP: 11/11
  5144 | D:6      | Found a staircase to the Ecumenical Temple.
  5442 | D:6      | Noticed Edmund
  5456 | D:6      | Killed Edmund
  5456 | D:6      | Reached ** piety under Okawaru
  5568 | D:6      | Reached skill level 5 in Dodging
  5791 | D:6      | Found a sacrificial altar of Ru.
  6170 | D:7      | Reached skill level 5 in Invocations
  6498 | D:7      | Found an opulent altar of Gozag.
  6575 | D:7      | Found an ornate altar of the Wu Jian Council.
  6683 | D:7      | Found a glowing silver altar of Zin.
  7258 | D:7      | Reached skill level 5 in Evocations
  7258 | D:7      | Reached XP level 10. HP: 27/74 MP: 14/14
  7412 | D:8      | Reached *** piety under Okawaru
  7768 | D:8      | Found a hide-covered altar of Uskayaw.
  8307 | D:8      | Found a white marble altar of Elyvilon.
  8687 | D:9      | Found a shadowy altar of Dithmenos.
  8754 | D:9      | Identified the +5 mace "Duyromy" {holy, *Slow +Blink SInv}
  9199 | D:9      | Reached **** piety under Okawaru
  9401 | D:9      | Noticed a kobold demonologist
  9412 | D:9      | Noticed a rust devil
  9422 | D:9      | Killed a kobold demonologist
  9521 | D:9      | Noticed a kobold demonologist
  9530 | D:9      | Killed a kobold demonologist
  9795 | D:10     | Entered Level 10 of the Dungeon
  9858 | D:10     | Reached XP level 11. HP: 68/84 MP: 16/16
 10026 | D:10     | Noticed a two-headed ogre
 10056 | D:10     | Found Utihuamy's Book Shop.
 10286 | D:10     | Noticed a two-headed ogre
 10292 | D:10     | Noticed a two-headed ogre
 10533 | D:10     | Found a staircase to the Orcish Mines.
 10582 | D:10     | Killed a two-headed ogre
 10583 | D:10     | Reached skill level 10 in Polearms
 10986 | D:10     | Killed a two-headed ogre
 10986 | D:10     | Reached ***** piety under Okawaru
 10994 | D:10     | Killed a two-headed ogre
 11353 | D:11     | Found a staircase to the Lair.
 11840 | D:11     | Noticed a centaur warrior
 11860 | D:11     | Killed a centaur warrior
 11860 | D:11     | Identified the +5 ring mail "Leuxusch" {rF+ Will- Dex+6
                  | SInv} (Okawaru gifted it to you on level 11 of the Dungeon)
 11860 | D:11     | Received a gift from Okawaru
 12208 | D:11     | Reached XP level 12. HP: 93/97 MP: 18/18
 12469 | D:11     | Noticed a catoblepas
 12502 | D:11     | Killed a catoblepas
 12808 | Orc:1    | Entered Level 1 of the Orcish Mines
 12825 | Orc:1    | Reached skill level 10 in Fighting
 13899 | Orc:1    | Noticed an orc high priest
 13957 | Orc:1    | Killed an orc high priest
 14108 | Orc:2    | Entered Level 2 of the Orcish Mines
 14159 | Orc:2    | Found Mom Pus's Armour Shoppe.
 14162 | Orc:2    | Found a staircase to the Elven Halls.
 14291 | Orc:2    | Reached skill level 6 in Shields
 14309 | Orc:2    | Found a shimmering altar of Xom.
 14335 | Orc:2    | Found Nefrad's Weapon Emporium.
 14368 | Orc:2    | Found Bageuwne's Antique Armour Emporium.
 14420 | Orc:2    | Bought an embroidered cloak for 210 gold pieces
 14583 | Orc:2    | Found a dark tunnel.
 14589 | Volcano  | Entered a volcano
 14651 | Volcano  | Noticed a salamander mystic
 14678 | Volcano  | Killed a salamander mystic
 14766 | Volcano  | Reached skill level 7 in Shields
 14775 | Volcano  | Noticed a red draconian
 14806 | Volcano  | Killed a red draconian
 14966 | Volcano  | Reached XP level 13. HP: 85/103 MP: 20/20
 15445 | Orc:2    | Received a gift from Okawaru
 15446 | Orc:2    | Reached skill level 8 in Shields
 15491 | Orc:2    | Found Imigg's Antique Weapon Emporium.
 15660 | Orc:2    | Noticed an orc warlord
 15667 | Orc:2    | Reached skill level 10 in Invocations
 15672 | Orc:2    | Reached skill level 10 in Armour
 15692 | Orc:2    | Killed an orc warlord
 15721 | Orc:2    | Received a gift from Okawaru
 15722 | Orc:2    | Reached skill level 9 in Shields
 16009 | Orc:2    | Found Sadehix's Antique Armour Boutique.
 16011 | Orc:2    | Found Wiececw's Antique Weapon Shop.
 16173 | Lair:1   | Entered Level 1 of the Lair of Beasts
 17056 | Lair:1   | Noticed Amaemon
 17066 | Lair:1   | Killed Amaemon
 17066 | Lair:1   | Reached ****** piety under Okawaru
 17067 | Lair:1   | Reached skill level 10 in Shields
 17995 | Lair:2   | Noticed a six-headed hydra
 18005 | Lair:2   | Killed a three-headed hydra
 18019 | Lair:2   | Received a gift from Okawaru
 18072 | Lair:2   | Reached XP level 14. HP: 83/110 MP: 22/22
 18230 | Lair:2   | Found a large runed translucent door.
 18231 | Lair:2   | Found a large runed translucent door.
 18233 | Lair:2   | Noticed Qyacsuop's ghost (journeyman DsAK)
 18320 | Lair:2   | Killed Qyacsuop's ghost
 18480 | Lair:2   | Identified the +2 chain mail of Evolution {rPois Str+2
                  | Dex+4} (Okawaru gifted it to you on level 2 of the Lair of
                  | Beasts)
 18480 | Lair:2   | Received a gift from Okawaru
 18481 | Lair:2   | Reached skill level 11 in Shields
 18497 | Lair:2   | Found a staircase to the Shoals.
 18514 | Lair:2   | Identified the +1 helmet "Weoloesch" {rElec}
 19108 | Lair:3   | Identified the +1 ring mail "Dyets" {rC++ Dex-2}
 19399 | Lair:3   | Found a staircase to the Snake Pit.
 19508 | Lair:3   | Identified the ring "Meodde" {EV+4 Str+2 Slay+2}
 19897 | Lair:3   | Reached skill level 12 in Shields
 20762 | Lair:4   | Identified the +0 ring mail "Hofel" {rCorr Int+3} (Okawaru
                  | gifted it to you on level 4 of the Lair of Beasts)
 20762 | Lair:4   | Received a gift from Okawaru
 22082 | Lair:5   | Entered Level 5 of the Lair of Beasts
 22144 | Lair:5   | HP: 5/111 [catoblepas (4)]
 22607 | Lair:4   | Reached XP level 15. HP: 114/117 MP: 24/24
 22646 | Lair:5   | Reached skill level 13 in Shields
 23476 | Lair:5   | Found a runed translucent door.
 23478 | Lair:5   | Found a staircase to the Slime Pits.
 23478 | Lair:5   | Noticed an azure jelly
 23491 | Lair:5   | Killed an azure jelly
 23491 | Lair:5   | Identified the +10 short sword "Roah Ishremy" {vorpal,
                  | rElec rC- Str+4 Dex-4} (Okawaru gifted it to you on level 5
                  | of the Lair of Beasts)
 23491 | Lair:5   | Received a gift from Okawaru
 23633 | Lair:5   | Reached skill level 14 in Shields
 23685 | Lair:5   | Reached skill level 15 in Polearms
 24590 | D:12     | Identified the +1 animal skin "Uthi" {rC+ Will+ Int+3}
                  | (Okawaru gifted it to you on level 12 of the Dungeon)
 24590 | D:12     | Received a gift from Okawaru
 24943 | Orc:2    | Bought the +3 pair of mountain boots {steadfast, rC+} for
                  | 1440 gold pieces
 24943 | Orc:2    | Found the +3 pair of mountain boots {steadfast, rC+}
 25391 | D:12     | Reached XP level 16. HP: 127/127 MP: 25/25
 25744 | D:13     | Found a portal to a secret trove of treasure.
 26054 | D:13     | Found a transporter.
 26083 | D:13     | Found a transporter.
 26083 | D:13     | Found an ornate altar of the Wu Jian Council.
 26083 | D:13     | Noticed a vault warden
 26099 | D:13     | Identified the ring of the Princess {rPois rF+ MP+9 Str+3}
 26325 | D:13     | Found a gate to the Vaults.
 26526 | D:13     | Found a transporter.
 26530 | D:13     | Found an ornate altar of the Wu Jian Council.
 26532 | D:13     | Found a transporter.
 26879 | D:13     | Killed a vault warden
 27990 | D:15     | Entered Level 15 of the Dungeon
 28302 | D:15     | Found a runed translucent gate.
 28302 | D:15     | Found a runed translucent gate.
 28307 | D:15     | Noticed Tunif's ghost (adept DEFE)
 28310 | D:15     | Found a runed translucent gate.
 28312 | D:15     | Found an iron altar of Okawaru.
 28341 | D:15     | Received a gift from Okawaru
 28352 | D:15     | Killed Tunif's ghost
 28370 | D:15     | Identified the +5 rapier "Ant's Bane" {elec, rPois MP+9
                  | Stlth+}
 28371 | D:15     | Identified the +1 pair of gloves of Skepticism {rC++ Dex+6}
 28610 | D:15     | Reached skill level 10 in Dodging
 28869 | D:15     | Found a staircase to the Depths.
 29159 | Snake:1  | Entered Level 1 of the Snake Pit
 30110 | Snake:1  | Reached XP level 17. HP: 138/138 MP: 26/26
 30449 | Snake:1  | Found Dejeock's General Store.
 30451 | Snake:1  | Found Ohyzi's Weapon Emporium.
 30451 | Snake:1  | Found Afyx Tyv's Book Shoppe.
 30454 | Snake:1  | Found Curul's Weapon Emporium.
 30456 | Snake:1  | Bought a potion of mutation for 144 gold pieces
 30456 | Snake:1  | Bought 2 potions of heal wounds for 180 gold pieces
 30456 | Snake:1  | Bought a ring of flight for 315 gold pieces
 31513 | Snake:1  | HP: 4/140 [shock serpent/bolt of electricity (14)]
 31514 | Snake:1  | You fall into a shaft and drop 1 floor!
 31863 | Snake:2  | Noticed Aizul
 31879 | Snake:2  | Killed Aizul
 32059 | Snake:2  | Identified the +3 kite shield of a treasure trove {rElec
                  | rF+ rC- Str+4 Stlth+}
 32059 | Snake:2  | Noticed Donald
 32074 | Snake:2  | Killed Donald
 32337 | Snake:2  | Noticed Jorgrun
 32341 | Snake:2  | Banished Jorgrun
 32433 | Snake:1  | Reached skill level 15 in Fighting
 32445 | Snake:1  | Identified the +2 pair of gloves of Senudgh {*Corrode
                  | Regen+ Dex+3} (Okawaru gifted it to you on level 1 of the
                  | Snake Pit)
 32445 | Snake:1  | Received a gift from Okawaru
 32672 | Snake:2  | Noticed Mlioglotl
 32688 | Snake:2  | Killed Mlioglotl
 32806 | Snake:3  | Noticed Bai Suzhen
 32818 | Snake:3  | Killed Bai Suzhen
 33194 | Snake:3  | Reached XP level 18. HP: 148/149 MP: 27/27
 33437 | Snake:4  | Entered Level 4 of the Snake Pit
 33582 | Snake:4  | Found Fuffua's Antique Weapon Shoppe.
 33601 | Snake:4  | Found a glowing silver altar of Zin.
 33821 | Snake:4  | Identified the +8 tower shield of Existentialism {Harm
                  | SInv} (Okawaru gifted it to you on level 4 of the Snake
                  | Pit)
 33821 | Snake:4  | Received a gift from Okawaru
 34506 | Snake:4  | Reached skill level 15 in Shields
 34677 | Snake:4  | Got a serpentine rune of Zot
 34891 | Shoals:1 | Entered Level 1 of the Shoals
 35053 | Shoals:1 | Reached XP level 19. HP: 143/159 MP: 28/28
 35518 | Shoals:1 | Identified the +9 trident "Vuick" {pain, +Blink rElec Str+2
                  | Dex+3} (Okawaru gifted it to you on level 1 of the Shoals)
 35518 | Shoals:1 | Received a gift from Okawaru
 35971 | Shoals:2 | Found a runed translucent gate.
 35971 | Shoals:2 | Found a runed translucent gate.
 35972 | Shoals:2 | Found a runed translucent gate.
 35973 | Shoals:2 | Noticed Chaicat's ghost (adept TrFi)
 36848 | Shoals:2 | Killed Chaicat's ghost
 36862 | Shoals:2 | Identified the +1 battleaxe "Besutob" {flame, rElec rPois
                  | MP-9 Int+4}
 36978 | Shoals:2 | Reached skill level 16 in Shields
 37052 | Shoals:3 | Found Tiecku's General Store.
 37054 | Shoals:3 | Found Jekel's Antique Armour Emporium.
 37276 | Shoals:3 | Noticed Polyphemus
 37314 | Shoals:3 | Identified the +1 cloak of Compassion {Rampage rC+ Str+3}
                  | (Okawaru gifted it to you on level 3 of the Shoals)
 37314 | Shoals:3 | Received a gift from Okawaru
 37330 | Shoals:3 | Killed Polyphemus
 37728 | Shoals:3 | Found Onufa's General Store.
 37753 | Shoals:3 | Bought the +1 chain mail of the Sacrificial Victim {Drain
                  | rElec Str+3 Int+4} for 423 gold pieces
 37912 | Shoals:4 | Entered Level 4 of the Shoals
 37918 | Arena    | Entered the Arena
 38400 | Shoals:4 | Got the Exposition on Impurities and Reformation
 38464 | Shoals:4 | Identified the +5 plate armour of Quick Miracles {rF+}
 38546 | Shoals:4 | Reached skill level 15 in Armour
 38608 | Shoals:4 | Reached XP level 20. HP: 78/168 MP: 29/29
 38977 | Shoals:4 | Reached skill level 17 in Shields
 39362 | Shoals:4 | Got a barnacled rune of Zot
 39568 | Vaults:1 | Entered Level 1 of the Vaults
 39762 | Vaults:1 | Received a gift from Okawaru
 40172 | Vaults:1 | Found Bueluda's Antique Armour Emporium.
 40971 | Vaults:2 | Found a staircase to the Crypt.
 41190 | Vaults:2 | Noticed Nikola
 41199 | Arena    | Entered the Arena
 41202 | Arena    | Killed Nikola
 41202 | Arena    | Received a gift from Okawaru
 41215 | Vaults:2 | Reached skill level 18 in Shields
 41486 | Vaults:2 | Reached XP level 21. HP: 178/178 MP: 30/30
 41588 | Vaults:2 | Upgraded the game from 0.30-a0-360-g447f08457e to
                  | 0.30-a0-364-gf6b3ef1049
 41651 | Vaults:2 | Noticed Asterion
 41663 | Vaults:2 | Killed Asterion
 41760 | Vaults:2 | Found Qyky's Jewellery Shop.
 42197 | D:13     | You paid a toll of 5 scrolls of fog to enter a treasure
                  | trove
 42198 | Trove    | Entered a treasure trove
 42446 | Vaults:3 | Noticed Margery
 42490 | Vaults:3 | Killed Margery
 42876 | Vaults:3 | Received a gift from Okawaru
 43586 | Vaults:4 | Found a magical portal.
 43659 | Vaults:4 | Found Wodis's Weapon Emporium.
 43659 | Vaults:4 | Noticed a dread lich
 43678 | Vaults:4 | Reached skill level 19 in Shields
 43697 | Vaults:4 | Killed a dread lich
 43697 | Vaults:4 | Received a gift from Okawaru
 44342 | Vaults:4 | Reached XP level 22. HP: 183/188 MP: 31/31
 44411 | Vaults:4 | Received a gift from Okawaru
 44647 | Depths:1 | Entered Level 1 of the Depths
 44653 | Depths:1 | Reached skill level 10 in Evocations
 44950 | Depths:1 | Identified the +1 robe of the Unbroken {Rampage rN+ Str+2}
                  | (Okawaru gifted it to you on level 1 of the Depths)
 44950 | Depths:1 | Received a gift from Okawaru
 45323 | Depths:1 | Found an ornate altar of the Wu Jian Council.
 45355 | Depths:1 | Identified the +3 chain mail "Reipacwo" {Str+3}
 45571 | Depths:1 | Found a gateway to Hell.
 45905 | Depths:2 | Found Omerulutro's Antique Weapon Boutique.
 46116 | Depths:2 | Reached skill level 20 in Shields
 46233 | Depths:2 | Found a one-way gate leading to the halls of Pandemonium.
 46501 | Depths:2 | Identified the +3 short sword of Light {elec, rF+ Dex+3}
 46681 | Depths:2 | Reached XP level 23. HP: 185/196 MP: 32/32
 46730 | Depths:2 | Reached XP level 24. HP: 204/204 MP: 32/32
 46992 | Depths:3 | Found a one-way gateway to a ziggurat.
 47211 | Depths:3 | Noticed Louise
 47216 | Depths:3 | Killed Louise
 47216 | Depths:3 | Received a gift from Okawaru
 47218 | Depths:3 | Found a one-way gate to the infinite horrors of the Abyss.
 47354 | Depths:3 | Noticed a golden dragon
 47361 | Depths:3 | Killed a golden dragon
 47392 | Depths:3 | Got the Quarto of Metamorphosis and the Volcanoes
 47393 | Depths:3 | Identified the +11 sling "Leviticus" {vorpal, Dex+4}
 47660 | Depths:4 | Entered Level 4 of the Depths
 47666 | Depths:4 | Noticed a golden dragon
 47688 | Depths:4 | Killed a golden dragon
 47984 | Depths:4 | Identified the +0 pair of boots of Dyspraxia {+Blink}
                  | (Okawaru gifted it to you on level 4 of the Depths)
 47984 | Depths:4 | Received a gift from Okawaru
 48001 | Depths:4 | Reached skill level 21 in Shields
 48263 | Depths:4 | Noticed a caustic shrike
 48263 | Depths:4 | Noticed a caustic shrike
 48265 | Depths:4 | Noticed a caustic shrike
 48266 | Depths:4 | Noticed a caustic shrike
 48266 | Depths:4 | Noticed a caustic shrike
 48269 | Depths:4 | Killed a caustic shrike
 48273 | Arena    | Entered the Arena
 48301 | Arena    | Entered the Arena
 48328 | Arena    | Entered the Arena
 48331 | Arena    | Killed a caustic shrike
 48344 | Depths:4 | Killed a caustic shrike
 48347 | Depths:4 | Killed a caustic shrike
 48348 | Depths:4 | Killed a caustic shrike
 48483 | Depths:4 | Noticed a golden dragon
 48491 | Depths:4 | Killed a golden dragon
 48636 | Depths:4 | Reached XP level 25. HP: 170/214 MP: 32/32
 48693 | Depths:4 | Found a gate to the Realm of Zot.
 49055 | Depths:4 | Identified the +1 robe of Vosamein {rC+ Dex+3} (Okawaru
                  | gifted it to you on level 4 of the Depths)
 49055 | Depths:4 | Received a gift from Okawaru
 49463 | Depths:4 | Reached skill level 22 in Shields
 50078 | Vaults:5 | Entered Level 5 of the Vaults
 50479 | Arena    | Entered the Arena
 50500 | Vaults:5 | Noticed Boris
 50500 | Vaults:5 | Noticed a dread lich
 50512 | Vaults:5 | Killed a dread lich
 50514 | Vaults:5 | Killed Boris
 50730 | Vaults:5 | Identified the +0 cloak "Nyurefog" {rN+ Will+}
 50795 | Vaults:5 | Identified the +9 battleaxe "Komeeng" {antimagic, rF+++
                  | rN++ Str-3 Int-5}
 50805 | Vaults:5 | Noticed Xtahua
 50813 | Vaults:5 | Killed Xtahua
 50814 | Vaults:5 | Reached XP level 26. HP: 190/224 MP: 32/32
 51294 | Vaults:5 | Reached skill level 23 in Shields
 51468 | Vaults:5 | Identified the +1 ring mail "Epruat" {rElec Str+3 Int+4}
                  | (Okawaru gifted it to you on level 5 of the Vaults)
 51468 | Vaults:5 | Received a gift from Okawaru
 51565 | Vaults:5 | Identified the +1 battleaxe of Xaelij {speed, rElec rN+
                  | Str-5}
 51728 | Vaults:5 | Got Pucuemi's Compilation of Transmutation
 51730 | Vaults:5 | Got a silver rune of Zot
 51778 | Vaults:5 | Identified the +1 fire dragon scales "Pustresh" {Harm rF++
                  | rC- Str-2 SInv Stlth-}
 51884 | Vaults:5 | Identified the amulet "Vytint" {Acrobat rF- rC+ rN+ SInv}
 52024 | Vaults:5 | Got Kaulem's Compilation of the Birds
 52026 | Vaults:5 | Identified the +6 flail "Qeyps" {vorpal, rPois rC+ Str+2}
 52414 | Zot:1    | Entered Level 1 of the Realm of Zot
 53170 | Zot:1    | Identified the +3 battleaxe of Res Nullius {vorpal, Fly rF-
                  | Int+4}
 54056 | Zot:2    | Identified the -2 cloak "Pasaoff" {rElec Int+4 Stlth+}
                  | (Okawaru gifted it to you on level 2 of the Realm of Zot)
 54056 | Zot:2    | Received a gift from Okawaru
 54066 | Zot:2    | Reached skill level 24 in Shields
 54284 | Zot:2    | Reached XP level 27. HP: 233/233 MP: 32/32
 54894 | Zot:3    | Noticed a Killer Klown
 54903 | Zot:3    | Killed a Killer Klown
 55257 | Zot:4    | Noticed an orb of fire
 55274 | Zot:4    | Killed an orb of fire
 55783 | Zot:4    | Noticed an orb of fire
 55821 | Zot:4    | Gained mutation: You are vulnerable to heat. (rF-) [an orb
                  | of fire]
 55830 | Zot:4    | Gained mutation: You occasionally shout uncontrollably at
                  | your foes. [an orb of fire]
 55838 | Zot:4    | Killed an orb of fire
 55838 | Zot:4    | Received a gift from Okawaru
 55971 | Zot:4    | Lost mutation: You occasionally shout uncontrollably at
                  | your foes. [potion of mutation]
 55971 | Zot:4    | Lost mutation: You are vulnerable to heat. (rF-) [potion of
                  | mutation]
 55971 | Zot:4    | Gained mutation: You are partially covered in large bone
                  | plates. (SH +4) [potion of mutation]
 55971 | Zot:4    | Gained mutation: You are somewhat resistant to further
                  | mutation. [potion of mutation]
 55971 | Zot:4    | Gained mutation: You have large cloven feet. [potion of
                  | mutation]
 56123 | Zot:5    | Entered Level 5 of the Realm of Zot
 56123 | Zot:5    | Noticed an orb of fire
 56133 | Zot:5    | Banished an orb of fire
 56474 | Zot:5    | Reached skill level 25 in Shields
 56475 | Zot:5    | Noticed a Killer Klown
 56489 | Zot:5    | Killed a Killer Klown
 56568 | Zot:5    | Noticed a Killer Klown
 56573 | Zot:5    | Noticed a dread lich
 56582 | Zot:5    | Noticed an orb of fire
 56584 | Zot:5    | Killed a dread lich
 56589 | Zot:5    | Killed a Killer Klown
 56605 | Zot:5    | Killed an orb of fire
 56618 | Zot:5    | Received a gift from Okawaru
 56704 | Zot:5    | Got the Orb of Zot
 56756 | Zot:5    | Noticed Loviadwa the pandemonium lord
 56770 | Zot:5    | Killed Loviadwa the pandemonium lord
 57267 | D:10     | Noticed Lyen the pandemonium lord
 57279 | D:10     | Killed Lyen the pandemonium lord
 57482 | D:$      | Escaped with the Orb!

Illustrated notes

Levels and vault maps discovered:
D:1:      eino_arrival_water_star, layout_basic
D:2:      layout_loops_cross, uniq_jessica
D:3:      layout_loops_ring, shapermc_ecumenical_altar_mp_urbaneastern,
          uniq_crazy_yiuf_cottage
D:4:      layout_basic, trog_hazing_becter, makhleb_heckhound_becter,
          chequers_serial_rivers_micro_a, st_stairs_8,
          minmay_stone_trees_medium, supply_closet_lemuel
D:5:      layout_loops_cross, chequers_temple_overflow_statue_of_worship
D:6:      layout_basic, nicolae_ru_awakened_eye, minmay_temple_entry_waves,
          corexii_shack, uniq_duvessa, uniq_edmund, uniq_sigmund,
          uniq_blork_the_orc
D:7:      layout_gridville, pdpol_temple_overflow_zin_treasury_gozag_greed,
          lemuel_crystal_altar
D:8:      layout_gridville, mainiacjoe_overflow_six_doors_small,
          nicolae_overflow_hidden_temple, minivault_22
D:9:      layout_basic, nicolae_dithmenos_through_a_glass_darkly
D:10:     layout_long_grid, erik_orc_2, serial_shops, shop,
          minmay_tree_intersection, minmay_fractal_squares_diagonal_5
D:11:     layout_gridville, lair_entry_dummy
D:12:     layout_basic
D:13:     dreamdust_wu_jian_sword_trials, layout_loops_ring,
          grunt_vaults_entry_tiered, enter_trove_0
D:14:     layout_loops_ring
D:15:     grunt_enter_depths_hoard, layout_rooms,
          gammafunk_ghost_fury_of_okawaru
Lair:1:   layout_cave_pods, uniq_amaemon
Lair:2:   layout_chaotic_city, minmay_shoals_entry_lonely_mermaid,
          ebering_ghost_disaster_area, chequers_serial_rivers_small_3,
          chequers_serial_rivers_micro_a, forest_entry_grove,
          lemuel_fruit_fields, infiniplex_staircase_pool
Lair:3:   dreamdust_cave_troll, layout_cave_pods,
          minmay_snake_entry_guardpost_small, serial_bayou_pond_d,
          minmay_shattered_shrine
Lair:4:   layout_layer_cave, eino_small_chamber_without_monster,
          serial_bayou_pond_b
Lair:5:   hangedman_lair_in_review, layout_long_grid, guppyfry_lair_end_dragon,
          slime_entry_2, kennysheep_abandoned_house, grunt_megastairs_5,
          lemuel_fruit_tree
Shoals:1: layout_shoals, nicolae_shoals_undead_eyrie
Shoals:2: layout_shoals, gammafunk_ghost_split, kb_tengu_band
Shoals:3: layout_shoals, serial_shops, shop, nicolae_shop_trees, shop,
          uniq_polyphemus
Shoals:4: shoals_end_hangedman, layout_shoals, nicolae_shoals_cliffside_cave,
          nicolae_shoals_siren_and_animal_friends
Snake:1:  nicolae_snake_attic_fulla_snakes, layout_chambers, drop_trap,
          beargit_elvish_explorers, minmay_shoptagon
Snake:2:  layout_rooms, uniq_donald, uniq_aizul, uniq_jorgrun, uniq_mlioglotl
Snake:3:  layout_basic, uniq_bai_suzhen
Snake:4:  grunt_snake_rune_pools, layout_cave_town, basic_altar, serial_shops,
          nicolae_shop_overgrown_old_shop, grunt_megastairs_2
Orc:1:    layout_diamond_mine
Orc:2:    grunt_orc_community_town_hall, layout_diamond_mine,
          grunt_orc_community_big_house_2, grunt_orc_community_big_house_1,
          grunt_orc_community_house_2, grunt_orc_community_house_3,
          grunt_orc_community_house_3, grunt_orc_community_house_1,
          grunt_orc_community_house_1, serial_shops, shop, shop, basic_altar,
          nicolae_volcano_entry_s_turn
Vaults:1: nicolae_vaults_little_squares_6, vaults_room_fancy_cross,
          nicolae_vaults_circle_grid_b, v_rooms_2,
          nicolae_vaults_little_squares_4, ontoclasm_vaults_fault,
          layout_vaults_omnigrid, serial_shops, shop
Vaults:2: nicolae_vaults_mini_display_case, grunt_vaults_bifocal,
          minmay_crypt_entry_simple_statues, v_misc_13,
          ontoclasm_vaults_claustrophobia, v_misc_12,
          nicolae_vaults_little_squares_5, v_pattern_5, vaults_dpeg_cross,
          grunt_vaults_twisty, v_misc_5, v_alt_pattern_6,
          nicolae_vaults_shelves_hall, vaults_dpeg_ring, layout_vaults_ring,
          serial_shops, shop_statue, uniq_asterion, uniq_nikola
Vaults:3: hangedman_vaults_corner, v_misc_4, v_misc_4, vaults_room_ringed_pool,
          vaults_room_pool, v_misc_12, hangedman_vaults_slither, v_misc_27,
          layout_vaults_omnicross, uniq_margery
Vaults:4: mu_enter_wizlab_6, nicolae_vaults_disjoint_gnomons,
          hangedman_vaults_capsules, hangedman_vaults_impose,
          ontoclasm_vaults_chip, hangedman_vaults_nodes, grunt_vaults_trifunnel,
          grunt_vaults_focal, v_misc_23, dpeg_vaults_monster_box, serial_ice_h,
          v_misc_15, nicolae_vaults_little_squares_4, layout_vaults_maze_bifur
Vaults:5: uniq_boris, uniq_xtahua
Depths:1: layout_honeycomb, chequers_serial_rivers_marsh,
          grunt_hell_entry_dis_grunt, nicolae_wu_jian_immortal_techniques,
          roderic_lattice_octagonal_star, serial_bayou_shore_b
Depths:2: four-leaf_vault, layout_twisted_cross, hell_entry,
          grunt_pan_entry_sceptre, nicolae_kite_square_tiling_tiny,
          serial_shops, shop_fountains, grunt_decor_junction,
          serial_bayou_lake_a
Depths:3: minmay_strange_plus, layout_cave_pools, enter_ziggurat_e,
          roderic_serpentine_path, hell_entry,
          nicolae_abyss_entry_one_way_or_another
Depths:4: lemuel_castle_with_subvaults [lemuel_castle_interior_carwin_1],
          layout_cave_shapes, rand_demon_pan_entry_5, hangedman_coc_ice_floe,
          minmay_three_doors
Zot:1:    layout_concentric_octagons
Zot:2:    layout_twisted_circle, grunt_megastairs_1
Zot:3:    layout_misc_corridors
Zot:4:    layout_basic
Zot:5:    layout_misc_corridors

Skill      XL: |  1  2  3  4  5  6  7  8  9 10 11 12 13 14 15 16 17 18 19 20 21 22 23 24 25 26 27 |
---------------+----------------------------------------------------------------------------------+-----
Fighting       | 4 5 7 9 10 12 13 15 16 17 18 19 20 21 22 24 | 24.2
Polearms       | 3 4 5 6 7 9 10 12 13 14 15 16 17 18 19 20 21 22 23 24 | 24.0
Armour         | 4 5 6 7 9 10 12 13 15 16 17 18 19 20 21 22 | 22.7
Shields        | 5 7 10 12 14 15 16 18 19 20 21 22 24 25 | 25.9
Dodging        | 1 3 4 5 6 8 10 | 10.1
Invocations    | 3 5 7 8 9 11 13 | 13.0
Evocations     | 2 5 9 11 | 11.8

Action                   |  1- 3 |  4- 6 |  7- 9 | 10-12 | 13-15 | 16-18 | 19-21 | 22-24 | 25-27 || total
-------------------------+-------+-------+-------+-------+-------+-------+-------+-------+-------++-------
Melee: Trident           |    65 |   151 |   290 |   973 |       |       |       |       |       ||  1479
       Glaive            |       |       |       |     7 |   960 |       |       |       |       ||   967
       Bardiche          |       |       |       |       |   119 |   878 |   934 |   666 |  1140 ||  3737
Invok: Heroism           |       |       |     2 |     4 |     5 |     2 |     4 |       |     7 ||    24
       Finesse           |       |       |       |     5 |     6 |     9 |     9 |     2 |    10 ||    41
       Duel              |       |       |       |       |       |       |     2 |     3 |     1 ||     6
 Abil: Dig               |       |       |       |       |     1 |     2 |     1 |     1 |       ||     5
       Shaft Self        |       |       |       |       |       |     1 |       |       |       ||     1
Evoke: Wand              |       |       |       |       |       |     1 |     2 |       |       ||     3
       Condenser vane    |       |       |       |       |       |       |       |       |     1 ||     1
  Use: Scroll            |       |     5 |     1 |     6 |    16 |     3 |     3 |       |    17 ||    51
       Potion            |       |       |     1 |       |     2 |     2 |     1 |    16 |     3 ||    25
 Stab: Confused          |       |       |       |       |     1 |       |       |       |       ||     1
       Petrified         |       |       |       |       |       |       |     2 |       |       ||     2
       Petrifying        |       |       |       |       |       |       |     1 |       |       ||     1
       Invisible         |       |       |       |       |       |       |       |     3 |       ||     3
Armor: Scale mail        |    15 |    61 |    45 |       |       |       |       |       |       ||   121
       Ring mail         |       |       |    17 |   190 |    43 |       |       |       |       ||   250
       Plate armour      |       |       |       |       |   110 |   216 |    87 |       |       ||   413
       Chain mail        |       |       |       |       |   165 |    54 |    55 |       |       ||   274
       Storm dragon scal |       |       |       |       |       |       |    29 |   137 |   171 ||   337
Dodge: Dodged            |    20 |    55 |   120 |   496 |   580 |   498 |   254 |   223 |   236 ||  2482
Block: Buckler           |     6 |    22 |    31 |       |       |       |       |       |       ||    59
       Kite shield       |       |       |    55 |   426 |   634 |   419 |       |       |       ||  1534
       Tower shield      |       |       |       |       |       |   275 |   895 |   597 |   892 ||  2659
       Reflection        |       |       |       |       |       |       |       |       |    32 ||    32

Table legend: (Time is in decaauts)
 A = Elapsed time spent in this place.
 B = Non-inter-level travel time spent in this place.
 C = Inter-level travel time spent in this place.
 D = Time resting spent in this place.
 E = Time spent auto-exploring this place.
 F = Levels seen in this place.
 G = Mean time per level.
                   A        B        C        D        E       F      G
               +--------+--------+--------+--------+--------+-----+--------+
         Total |  57046 |  52488 |   4558 |   7216 |  33784 |  52 | 1097.0 |
       Dungeon |  18699 |  16539 |   2160 |   2259 |  11354 |  15 | 1246.6 |
          Lair |   8881 |   8431 |    450 |   1434 |   5337 |   5 | 1776.2 |
        Shoals |   4587 |   4419 |    168 |    634 |   2730 |   4 | 1146.8 |
     Snake Pit |   5274 |   5069 |    205 |   1323 |   2630 |   4 | 1318.5 |
  Orcish Mines |   2579 |   2284 |    295 |    466 |    960 |   2 | 1289.5 |
        Vaults |   6664 |   6093 |    571 |    291 |   4554 |   5 | 1332.8 |
        Depths |   5427 |   4887 |    540 |    287 |   3398 |   4 | 1356.8 |
           Zot |   4281 |   4115 |    166 |    431 |   2513 |   5 |  856.2 |
         Trove |     53 |     53 |      0 |      0 |      8 |   1 |   53.0 |
       Volcano |    492 |    492 |      0 |     57 |    299 |   1 |  492.0 |
         Arena |    104 |    104 |      0 |     31 |      0 |   6 |   17.3 |
               +--------+--------+--------+--------+--------+-----+--------+

Top non-repeatable levels by time:
Depths:4: 2244 daAuts
 Snake:1: 2147 daAuts
  Lair:4: 2001 daAuts
    D:10: 1933 daAuts
  Lair:3: 1900 daAuts
  Lair:5: 1834 daAuts
    D:13: 1791 daAuts
  Lair:2: 1701 daAuts
    D:11: 1653 daAuts
     D:6: 1641 daAuts
Vaults:5: 1554 daAuts
   Orc:2: 1480 daAuts
  Lair:1: 1442 daAuts
Vaults:1: 1416 daAuts
Depths:1: 1386 daAuts
